 Dungeon Crawl Stone Soup version 0.21.0-3-g78d12a8 (webtiles) character file.

97 komo4ek the Caller (level 5, -3/37 HPs)
             Began as a Human Summoner on Jan 17, 2018.
             Slain by adept's ghost (15 damage)
             ... on level 4 of the Dungeon.
             The game lasted 00:08:30 (2643 turns).

komo4ek the Caller (Human Summoner)                 Turns: 2643, Time: 00:08:33

Health: -3/37      AC:  6    Str:  8    XL:     5   Next: 0%
Magic:  5/9        EV: 12    Int: 16    God:
Gold:   108        SH:  0    Dex: 14    Spells: 5/9 levels left

rFire    . . .     SeeInvis .   v - +0 long sword (holy)
rCold    . . .     Gourm    .   (no shield)
rNeg     . . .     Faith    .   x - +0 troll leather armour
rPois    .         Spirit   .   y - +0 helmet
rElec    .         Reflect  .   (no cloak)
rCorr    .         Harm     .   q - +0 pair of gloves
MR       .....                  (no boots)
Stlth    ++........             (no amulet)
HPRegen  0.52/turn              (no ring)
MPRegen  0.11/turn              (no ring)

@: no status effects
A: no striking features
a: no special abilities


You were on level 4 of the Dungeon.
You were hungry.

You visited 1 branch of the dungeon, and saw 4 of its levels.

You collected 108 gold pieces.

Inventory:

Hand Weapons
 i - a +0 mace
 t - a +4 short sword
 v - a +0 long sword of holy wrath (weapon)
Missiles
 d - 8 arrows
 j - 102 stones (quivered)
 u - 28 sling bullets
Armour
 q - a +0 pair of gloves (worn)
 x - a +0 troll leather armour (worn)
 y - a +0 helmet (worn)
Wands
 n - a wand of flame (26)
Scrolls
 a - a scroll of amnesia {unknown}
 e - 2 scrolls of enchant armour {unknown}
 f - a scroll of blinking {unknown}
 g - a scroll of fear {unknown}
 h - a scroll of immolation {unknown}
 k - a scroll of teleportation {unknown}
 l - 3 scrolls of remove curse {unknown}
 m - a scroll of noise {unknown}
 p - 4 scrolls of identify {unknown}
 w - a scroll of enchant weapon {unknown}
Potions
 o - 2 potions of curing {unknown}
 r - a potion of might {unknown}
 s - 2 potions of haste {unknown}
Books
 b - a book of Callings

   Spells                             Type                      Level
   a - Summon Small Mammal            Summoning                    1
   b - Call Imp                       Summoning                    2
   c - Call Canine Familiar           Summoning                    3
   d - Summon Guardian Golem          Hexes/Summoning              3
   e - Summon Lightning Spire         Summoning/Air                4
   f - Summon Ice Beast               Ice/Summoning                4
Comestibles
 c - 5 rations


   Skills:
 + Level 1.1 Fighting
 + Level 1.0 Armour
 + Level 2.3 Dodging
 - Level 2.0 Stealth
 + Level 2.7 Spellcasting
 + Level 4.9 Summonings


You had 5 spell levels left.
You knew the following spells:

 Your Spells              Type           Power        Failure   Level  Hunger
a - Summon Small Mammal   Summ           ###.         3%          1    #......
b - Call Canine Familiar  Summ           ###.....     11%         3    ###....


Dungeon Overview and Level Annotations

Branches:
Dungeon (4/15)
 Temple: D:4-7

Altars:
Cheibriados
Makhleb
Trog
Yredelemnul

Annotations:
D:4 adept's ghost, amateur GrFi


Message History

Your hound barely misses adept's ghost.
Adept's ghost hits you.
You hit adept's ghost but do no damage.
Adept's ghost is lightly damaged.
Your hound bites adept's ghost but does no damage.
Adept's ghost barely misses you.
Your hound bites adept's ghost.
You completely miss adept's ghost.
Adept's ghost is moderately damaged.
Your hound barely misses adept's ghost.
Adept's ghost hits you. x2
You hit adept's ghost but do no damage.
Adept's ghost is moderately damaged.
Your hound bites adept's ghost but does no damage.
Your hound barely misses adept's ghost.
Adept's ghost hits you.
Your rat bites adept's ghost but does no damage.
You hit adept's ghost.
Adept's ghost convulses.
Adept's ghost is moderately damaged.
Your hound bites adept's ghost.
Adept's ghost hits you!
Your hound barely misses adept's ghost.
Your rat bites adept's ghost but does no damage.
Adept's ghost hits you!
You die...

#......#
#.....##
#>....# .
#.....# #..
#..>..###....
#####.......#
#####>..###.##
#.####rh...###
#.....@W...#
#...####.####
# ###..###
#......#
#......####
#..........
#......####
#...<...#
#.........#


You could see adept's ghost, a friendly hound and a friendly rat.

Vanquished Creatures
  An adder (D:3)
  A dart slug (D:3)
  4 orcs (D:3)
  A ball python (D:3)
  4 bats
  2 giant cockroaches
  5 goblins (D:3)
  3 jackals (D:2)
  3 kobolds
  A rat (D:1)
25 creatures vanquished.

Vanquished Creatures (collateral kills)
  An orc wizard (D:3)
  Robin (D:3)
  2 adders
  2 worms
  A dart slug (D:3)
  A leopard gecko (D:1)
  4 orcs (D:3)
  2 giant cockroaches
  3 goblins
  4 hobgoblins
  A bat (D:1)
  2 frilled lizards (D:1)
  A kobold (D:2)
  A rat (D:2)
26 creatures vanquished.

Grand Total: 51 creatures vanquished

Notes
Turn   | Place    | Note
-------+----------+-------------------------------------------
     0 | D:1      | komo4ek the Human Summoner began the quest for the Orb.
     0 | D:1      | Reached XP level 1. HP: 13/13 MP: 3/3
   395 | D:1      | Reached XP level 2. HP: 19/19 MP: 1/5
  1023 | D:2      | Reached XP level 3. HP: 24/24 MP: 6/6
  1455 | D:2      | Learned a level 3 spell: Call Canine Familiar
  1497 | D:2      | Found a bloodstained altar of Trog.
  1779 | D:3      | Found a burning altar of Makhleb.
  1780 | D:3      | Found a snail-covered altar of Cheibriados.
  2032 | D:3      | Reached XP level 4. HP: 20/31 MP: 4/7
  2089 | D:3      | Noticed Robin
  2101 | D:3      | Killed Robin
  2303 | D:3      | Reached skill level 1 in Fighting
  2316 | D:3      | Found a basalt altar of Yredelemnul.
  2424 | D:3      | Reached skill level 1 in Armour
  2424 | D:3      | Reached XP level 5. HP: 35/37 MP: 6/9
  2616 | D:4      | Noticed adept's ghost (amateur GrFi)
  2643 | D:4      | Slain by adept's ghost

Skill      XL: |  1  2  3  4 |
---------------+-------------+-----
Fighting       | 1 |  1.1
Armour         | 1 |  1.0
Dodging        | |  2.3
Stealth        | |  2.0
Spellcasting   | |  2.7
Summonings     | |  4.9

Action                   |  1- 3 |  4- 6 || total
-------------------------+-------+-------++-------
Melee: Unarmed           |    14 |       ||    14
       Mace              |    26 |       ||    26
       Long sword        |    15 |    67 ||    82
       Short sword       |     1 |       ||     1
 Cast: Summon Small Mamm |    21 |     1 ||    22
       Call Canine Famil |     4 |     7 ||    11
 Stab: Sleeping          |     3 |     1 ||     4
       Distracted        |       |     1 ||     1
  Eat: Chunk             |     2 |     1 ||     3
       Ration            |     1 |       ||     1
Armor: Robe              |    10 |       ||    10
       Troll leather arm |     4 |    24 ||    28
Dodge: Dodged            |    61 |    49 ||   110
       Rpst.: Long sword |     1 |    17 ||    18
